 Dungeon Sprint DCSS version 0.21-a0-94-gdd6ab6a (webtiles) character file.

6 poirepourri the Sneak (level 1, 0/9 HPs)
             Began as a Spriggan Enchanter on July 2, 2017.
             Was a Follower of Dithmenos.
             Slain by a river rat (7 damage)
             ... in the Dungeon (Sprint VII: "The Pits").
             The game lasted 00:00:51 (260 turns).

poirepourri the Sneak (Spriggan Enchanter)           Turns: 260, Time: 00:00:52

Health: 0/9        AC:  2    Str:  4    XL:     1   Next: 75%
Magic:  5/5        EV: 18    Int: 16    God:    Dithmenos [*.....]
Gold:   0          SH:  0    Dex: 16    Spells: 5/6 levels left

rFire    . . .     SeeInvis +   p - +2 dagger
rCold    . . .     Gourm    .   (shield restricted)
rNeg     . . .     Faith    .   b - +0 robe
rPois    .         Spirit   .   (helmet restricted)
rElec    .         Reflect  .   (no cloak)
rCorr    .         Harm     .   (gloves unavailable)
MR       .....     NoTele   +   (boots unavailable)
Stlth    ++++......             (no amulet)
HPRegen  0.03/turn              (no ring)
MPRegen  0.09/turn              (no ring)

@: wreathed by umbra, very quick
A: unfitting armour, see invisible, herbivore 3, speed 3, slow metabolism 2
a: Renounce Religion


You were in the Dungeon.
You worshipped Dithmenos.
Dithmenos was aware of your devotion.
You were not hungry.

You visited 1 branch

Inventory:

Hand Weapons
 a - a +1 dagger
 p - a +2 dagger (weapon)
Armour
 b - a +0 robe (worn)
Scrolls
 j - a scroll of blinking
 l - 3 scrolls of remove curse
 m - 5 scrolls of amnesia
 n - a scroll of summoning
Potions
 e - a potion of curing
 f - a potion of heal wounds
 g - a potion of haste
 h - 4 potions of magic
 i - 3 potions of berserk rage
 k - 2 potions of invisibility
Books
 c - a book of Maledictions

   Spells                             Type                      Level
   a - Corona                         Hexes                        1
   b - Ensorcelled Hibernation        Hexes/Ice                    2
   c - Confuse                        Hexes                        3
   d - Tukima's Dance                 Hexes                        3
   e - Dazzling Spray                 Conjuration/Hexes            3
Comestibles
 d - 8 bread rations
 o - 40 fruits


   Skills:
 + Level 1.5 Short Blades
 + Level 3.2 Dodging
 + Level 5.4 Stealth
 + Level 3.4 Spellcasting
 + Level 4.3 Hexes


You had 5 spell levels left.
You knew the following spells:

 Your Spells              Type           Power        Failure   Level  Hunger
a - Corona                Hex            ###....      3%          1    None


Dungeon Overview and Level Annotations

Branches:
Dungeon (1/1)

Altars:
Ashenzari
Cheibriados
Dithmenos
Elyvilon
Fedhas
Gozag
Hepliaklqana
Kikubaaqudgha
Makhleb
Nemelex Xobeh
Okawaru
Qazlal
Ru
Sif Muna
Trog
Uskayaw
Vehumet
Wu Jian
Xom
Yredelemnul
Zin
The Shining One
Beogh
Jiyva
Lugonu


Innate Abilities, Weirdness & Mutations

You are very small and have problems with some larger weapons.
You are too small for most types of armour.
You have supernaturally acute eyesight. (SInv)
You are a herbivore.
You cover ground extremely quickly.
You need consume almost no food.


Message History

The bat skeleton completely misses you. x2
You hit the bat skeleton.
You destroy the bat skeleton!
Dithmenos accepts your kill.
You are shrouded in an aura of darkness!
A river rat comes into view.
There is an open door here.
The river rat barely misses you. The river rat misses you.
You barely miss the river rat. The river rat barely misses you.
You closely miss the river rat. The river rat barely misses you.
You hit the river rat but do no damage. The river rat bites you.
You hit the river rat.
The river rat is lightly wounded.
The river rat completely misses you.
You barely miss the river rat.
The river rat is lightly wounded.
The river rat bites you!
Ouch! That really hurt!
You die...

#_______...###########++
##########'##...........
#%?(.')))'.##......#..#.
##########.##...........
#.........†.'...........
#+#####'#####......#..#.
#.)...##...........
#####'#####'#####++
#.@r..##.......#
#.....##.......#
###+####.......#
#...<...# #.......#
#.......# #.......#
#########


You could see a river rat.

Vanquished Creatures
  An orc (D)
  A bat skeleton (D)
  A bat zombie (D)
  A goblin (D)
4 creatures vanquished.

Notes
Turn   | Place    | Note
-------+----------+-------------------------------------------
     0 | D        | poirepourri the Spriggan Enchanter began the quest for the Orb.
     0 | D        | Reached XP level 1. HP: 9/9 MP: 5/5
   169 | D        | Found a bloodstained altar of Trog.
   169 | D        | Found a deep blue altar of Sif Muna.
   169 | D        | Found a viscous altar of Jiyva.
   169 | D        | Found a hazy altar of Hepliaklqana.
   169 | D        | Found an opulent altar of Gozag.
   170 | D        | Found a glowing golden altar of the Shining One.
   170 | D        | Found a glowing silver altar of Zin.
   170 | D        | Found a basalt altar of Yredelemnul.
   170 | D        | Found a shimmering altar of Xom.
   170 | D        | Found an ornate altar of the Wu Jian Council.
   170 | D        | Found a sacrificial altar of Ru.
   170 | D        | Found a stormy altar of Qazlal.
   170 | D        | Found an iron altar of Okawaru.
   170 | D        | Found a sparkling altar of Nemelex Xobeh.
   170 | D        | Found a burning altar of Makhleb.
   170 | D        | Found a blossoming altar of Fedhas.
   170 | D        | Found a white marble altar of Elyvilon.
   170 | D        | Found a shadowy altar of Dithmenos.
   170 | D        | Found a snail-covered altar of Cheibriados.
   174 | D        | Found a roughly hewn altar of Beogh.
   174 | D        | Found a corrupted altar of Lugonu.
   174 | D        | Found a radiant altar of Vehumet.
   175 | D        | Found a shattered altar of Ashenzari.
   175 | D        | Found an ancient bone altar of Kikubaaqudgha.
   175 | D        | Found a hide-covered altar of Uskayaw.
   182 | D        | Became a worshipper of Dithmenos the Shadowed
   201 | D        | Reached skill level 5 in Stealth
   249 | D        | Reached * piety under Dithmenos
   260 | D        | Slain by a river rat

Vault maps used:
D:        pitsprint

Skill      XL: |  1 |
---------------+----+-----
Spellcasting   | 3 |  3.4
Stealth        | 5 |  5.4
Hexes          | 4 |  4.3
Short Blades   | |  1.5
Dodging        | |  3.2

Action                   || total
-------------------------++-------
Melee: Dagger            ||    19
 Stab: Sleeping          ||     1
Armor: Robe              ||     4
Dodge: Dodged            ||    19
